 Dungeon Crawl Stone Soup version 0.26-a0-707-g31817bcca1 (webtiles) character file.

Game seed: 6472532162786952129

5774 Asdor the Fiendish (level 10, -1/80 HPs)
             Began as a Demonspawn Gladiator on Oct 27, 2020.
             Was a Priest of Makhleb.
             Killed by divine providence
             ... invoked by an orc priest
              (9 damage)
             ... on level 11 of the Dungeon.
             The game lasted 00:19:18 (11068 turns).

Asdor the Fiendish (Demonspawn Gladiator)          Turns: 11068, Time: 00:19:18

Health: -1/80      AC:  3    Str: 17    XL:     10   Next: 49%
Magic:  16/16      EV: 14    Int: 10    God:    Makhleb [***...]
Gold:   440        SH:  9    Dex: 15    Spells: 9/9 levels left

rFire    . . .     SeeInvis .   g - +6 spear of Texulube {vorpal, rElec rPois}
rCold    + . .     Faith    .   x - +0 kite shield
rNeg     . . .     Spirit   .   b - +0 leather armour
rPois    +         Reflect  .   (helmet restricted)
rElec    +         Harm     .   (no cloak)
rCorr    .         Rampage  .   (no gloves)
MR       .....                  (no boots)
Stlth    ++........             (no amulet)
HPRegen  0.23/turn              m - ring of protection from cold
MPRegen  0.15/turn              D - ring of stealth

@: hasted, very quick
A: antennae 1, hooves 2, powered by death 2, rot immunity
a: Minor Destruction, Lesser Servant of Makhleb, Renounce Religion


You were on level 11 of the Dungeon.
You worshipped Makhleb.
Makhleb was most pleased with you.
You visited 2 branches of the dungeon, and saw 12 of its levels.

You collected 440 gold pieces.

Inventory:

Hand Weapons
 d - a +1 lajatang of electrocution
 g - the +6 spear of Texulube (weapon) {vorpal, rElec rPois}
   (You found it on level 5 of the Dungeon)

   It inflicts extra damage upon your enemies.
   It insulates you from electricity.
   It protects you from poison.
Missiles
 v - 8 silver javelins (quivered)
Armour
 b - a +0 leather armour (worn)
 x - a +0 kite shield (worn)
Jewellery
 m - a ring of protection from cold (left hand)
 D - a ring of stealth (right hand)
Wands
 i - a wand of flame (9)
 r - a wand of polymorph (10)
 u - a wand of random effects (18)
 A - a wand of acid (17)
Scrolls
 e - 10 scrolls of remove curse
 f - a scroll of holy word
 h - 10 scrolls of teleportation
 j - 2 scrolls of random uselessness
 p - 4 scrolls of enchant weapon
 s - a scroll of vulnerability {unknown}
 y - a scroll of noise
 z - 2 scrolls of amnesia
Potions
 l - a potion of haste
 n - a potion of flight
 o - a potion of heal wounds
 q - 4 potions of might
 w - 4 potions of curing
Miscellaneous
 c - a phantom mirror
 C - a phantom mirror


   Skills:
 + Level 7.9 Fighting
 + Level 7.5 Polearms
 - Level 1.7 Throwing
 - Level 3.3 Armour
 + Level 7.5 Dodging
 + Level 3.8 Shields
 + Level 8.2 Invocations


You had 9 spell levels left.
You didn't know any spells.
Your spell library was empty.

Dungeon Overview and Level Annotations

Branches:
Dungeon (11/15)            Temple (1/1) D:6            Lair (0/6) D:11
    Orc (0/2) D:11

Altars:
Ashenzari
Cheibriados
Dithmenos
Elyvilon
Fedhas
Gozag
Hepliaklqana
Kikubaaqudgha
Makhleb
Nemelex Xobeh
Okawaru
Qazlal
Ru
Sif Muna
Trog
Uskayaw
Vehumet
Wu Jian
Xom
Yredelemnul
Zin
The Shining One

Portals:
Trove: D:10 (give +6 demon whip)
Ice
Cave: D:11


Innate Abilities, Weirdness & Mutations

You have a pair of small antennae on your head.
You have hoof-like feet.
You regenerate health from kills.
You are immune to rotting.


Message History

The troll bites you! The troll barely misses you. You block the troll's attack.
You hit the troll.
The troll is heavily wounded.
The orc warrior begs for mercy.
You hit the troll but do no damage. You kick the troll, but do no damage.
The troll is heavily wounded.
The troll bites you! You block the troll's attack. x2
You hit the troll.
The troll is heavily wounded.
You block the orc's attack.
You hit the troll. Your kick misses the troll.
The troll is severely wounded.
The troll bites you!
* * * LOW HITPOINT WARNING * * *
The troll claws you but does no damage. The troll claws you!
* * * LOW HITPOINT WARNING * * *
Cornered, the two-headed ogre turns to fight!
The orc priest mumbles some strange prayers to Beogh against you.
Beogh smites you!
You die...

*,,,*** *,*
*,,,,,** #.#
*,,,*,,* #.#
*,,,,*,* #.#
##..#.#,# #.#
#.......# #.#
#.#.∩.#.# #.#
#.......* #T#
#...#.#** #@#
*#....# #o#
######...#######o#
.........o.o...o.#
.........o.......#
...........o.ohOo#
#.#####...########
#.#***#.#.#***
...,,.o..o..,*


You could see a two-headed ogre, a troll, 2 orc warriors, a black bear
(fleeing), an orc priest and an orc.

Vanquished Creatures
  A two-headed ogre (D:8)
  Psyche (D:10)
  A troll (D:9)
  Grinder (D:3)
  5 yaks
  Sigmund (D:3)
  A wyvern (D:7)
  A soldier ant (D:10)
  A water moccasin (D:8)
  A phantom (D:4)
  2 sky beasts (D:10)
  2 orc warriors
  6 ogres
  2 big kobolds
  2 bullfrogs (D:10)
  3 scorpions
  5 howler monkeys
  8 wights
  A bullfrog zombie (D:6)
  A centaur zombie (D:5)
  3 hounds
  2 bullfrog skeletons
  2 centaur skeletons
  An orc priest (D:4)
  3 jellies
  10 orc wizards
  2 iguanas
  6 worker ants
  A killer bee zombie (D:8)
  Robin (D:3)
  3 gnolls (D:7)
  12 adders
  8 white imps
  3 ufetubi
  2 oozes
  2 adder zombies
  2 adder skeletons
  3 worms
  2 dart slugs
  4 leopard geckos
  35 orcs
  7 bats
  11 giant cockroaches
  22 goblins
  9 hobgoblins
  6 jackals
  4 quokkas
  6 frilled lizards
  A jackal skeleton (D:4)
  A jackal zombie (D:6)
  11 kobolds
  9 rats
240 creatures vanquished.

Notes
Turn   | Place    | Note
-------+----------+-------------------------------------------
     0 | D:1      | Asdor the Demonspawn Gladiator began the quest for the Orb.
     0 | D:1      | Reached XP level 1. HP: 16/16 MP: 1/1
   112 | D:1      | Gained mutation: You regenerate a little health from kills.
                  | [demonic ancestry]
   112 | D:1      | Reached XP level 2. HP: 13/22 MP: 2/2
   574 | D:1      | Reached skill level 1 in Armour
   829 | D:2      | Gained mutation: You have large cloven feet. [demonic
                  | ancestry]
   829 | D:2      | Reached XP level 3. HP: 28/28 MP: 3/3
  1040 | D:2      | Found a hazy altar of Hepliaklqana.
  1410 | D:2      | Found a basalt altar of Yredelemnul.
  1418 | D:2      | Reached XP level 4. HP: 30/34 MP: 4/4
  1836 | D:3      | Noticed Grinder
  1838 | D:3      | Paralysed by Grinder for 5 turns
  2129 | D:3      | Paralysed by Grinder for 4 turns
  2144 | D:3      | Killed Grinder
  2144 | D:3      | Gained mutation: You have a pair of small antennae on your
                  | head. [demonic ancestry]
  2144 | D:3      | Reached XP level 5. HP: 39/41 MP: 5/5
  2144 | D:3      | Gained mutation: You have hoof-like feet. [demonic
                  | ancestry]
  2144 | D:3      | Reached XP level 6. HP: 44/47 MP: 6/6
  2849 | D:3      | Noticed Sigmund
  2860 | D:3      | Killed Sigmund
  2860 | D:3      | Reached XP level 7. HP: 15/54 MP: 7/7
  3078 | D:3      | Noticed Robin
  3096 | D:3      | Killed Robin
  3343 | D:3      | Found a glowing silver altar of Zin.
  3531 | D:4      | Found a burning altar of Makhleb.
  3535 | D:4      | Became a worshipper of Makhleb the Destroyer
  3537 | D:4      | Found Fohab's Distillery.
  4039 | D:4      | Reached skill level 1 in Invocations
  4340 | D:4      | Reached skill level 2 in Invocations
  4418 | D:4      | Reached skill level 5 in Polearms
  4418 | D:4      | Reached skill level 5 in Dodging
  4418 | D:4      | Gained mutation: You regenerate health from kills. [demonic
                  | ancestry]
  4418 | D:4      | Reached XP level 8. HP: 50/61 MP: 9/9
  4433 | D:4      | Reached * piety under Makhleb
  4433 | D:4      | Reached skill level 5 in Fighting
  4665 | D:5      | Entered Level 5 of the Dungeon
  5047 | D:5      | Found an opulent altar of Gozag.
  5074 | D:5      | Reached skill level 3 in Invocations
  5088 | D:5      | Found a hide-covered altar of Uskayaw.
  5346 | D:5      | Got an encrusted spear
  5347 | D:5      | Identified the +6 spear of Texulube {vorpal, rElec rPois}
                  | (You found it on level 5 of the Dungeon)
  5818 | D:6      | Reached skill level 4 in Invocations
  6083 | D:6      | Found a staircase to the Ecumenical Temple.
  6301 | Temple   | Entered the Ecumenical Temple
  6739 | D:7      | Reached skill level 5 in Invocations
  7113 | D:7      | Reached ** piety under Makhleb
  7156 | D:7      | Reached XP level 9. HP: 69/69 MP: 12/12
  8159 | D:8      | Reached skill level 6 in Invocations
  8168 | D:8      | Reached skill level 1 in Shields
  8207 | D:8      | Found a sacrificial altar of Ru.
  8287 | D:8      | Noticed a two-headed ogre
  8299 | D:8      | Killed a two-headed ogre
  8299 | D:8      | Reached skill level 7 in Invocations
  8930 | D:9      | Found a broken altar of Ashenzari.
  8964 | D:9      | Found a sacrificial altar of Ru.
  8998 | D:9      | Found a sparkling altar of Nemelex Xobeh.
  9051 | D:9      | Found an ancient bone altar of Kikubaaqudgha.
  9134 | D:9      | Gained mutation: You are immune to rotting. [demonic
                  | ancestry]
  9134 | D:9      | Reached XP level 10. HP: 57/79 MP: 15/15
  9178 | D:9      | Reached *** piety under Makhleb
  9412 | D:9      | Found a shadowy altar of Dithmenos.
  9883 | D:10     | Entered Level 10 of the Dungeon
 10163 | D:10     | Noticed Psyche
 10168 | D:10     | Killed Psyche
 10168 | D:10     | Reached skill level 8 in Invocations
 10590 | D:10     | Found a portal to a secret trove of treasure.
 10638 | D:10     | Found a shimmering altar of Xom.
 10641 | D:10     | Found a shimmering altar of Xom.
 10643 | D:10     | Found a shimmering altar of Xom.
 10643 | D:10     | Found a shimmering altar of Xom.
 10644 | D:10     | Found a shimmering altar of Xom.
 11035 | D:11     | Noticed a two-headed ogre
 11037 | D:11     | Found a frozen archway.
 11068 | D:11     | Killed from afar by an orc priest

Illustrated notes

Levels and vault maps discovered:
D:1:      shiori_arrival_elements, layout_basic, chequers_serial_rivers_micro_a,
          corexii_leaking_fountain, hex_tiny
D:2:      layout_basic, yredelemnul_altar_generic, overflow_temple_1_default
D:3:      layout_rooms, lemuel_round_altar, uniq_robin, uniq_grinder,
          uniq_sigmund
D:4:      layout_loops_ring, bloody_makhleb, serial_shops, shop,
          minmay_box_of_dots
D:5:      layout_loops_cross, grunt_temple_overflow_open
D:6:      layout_basic, temple_green
D:7:      layout_gridville, st_stairs_7
D:8:      layout_basic, nrook_mini_vaults, nicolae_ru_awakened_eye
D:9:      layout_rooms, grunt_dithmenos_smoke_and_mirrors,
          overflow_temple_1_default, ashenzari_conservatory_becter, minitemple,
          minmay_holes
D:10:     layout_loops_ring, nicolae_trove_entry_crystal, xom_shifter_show,
          uniq_psyche
D:11:     layout_long_grid, dpeg_lair_monsters, david_orc_5,
          portal_ice_cave_entry_pillars_1
Temple:   minmay_freezing_vapour_temple

Skill      XL: |  1  2  3  4  5  6  7  8  9 10 |
---------------+-------------------------------+-----
Dodging        | 3 4 5 6 7 |  7.5
Polearms       | 3 4 5 6 7 |  7.5
Armour         | 1 2 3 |  3.3
Fighting       | 3 4 6 7 |  7.9
Invocations    | 2 5 7 8 |  8.2
Shields        | 2 3 |  3.8
Throwing       | |  1.7

Action                   |  1- 3 |  4- 6 |  7- 9 | 10-12 || total
-------------------------+-------+-------+-------+-------++-------
Melee: Trident           |   116 |    96 |   225 |       ||   437
       Kick              |    15 |    26 |   129 |    47 ||   217
       Spear             |       |       |   310 |   114 ||   424
Throw: Throwing net      |       |     2 |     2 |     3 ||     7
Invok: Minor Destruction |       |       |     1 |       ||     1
       Lesser Servant of |       |       |       |     1 ||     1
  Use: Potion            |       |       |     9 |     4 ||    13
       Scroll            |       |       |     5 |    13 ||    18
 Stab: Sleeping          |     1 |       |       |       ||     1
       Held in net/web   |       |     1 |     1 |     2 ||     4
       Distracted        |       |       |     1 |       ||     1
       Fleeing           |       |       |       |     1 ||     1
Armor: Leather armour    |    30 |    24 |    69 |     7 ||   130
Dodge: Dodged            |    62 |    67 |   350 |    48 ||   527
Block: Kite shield       |       |       |    26 |    29 ||    55

Table legend: (Time is in decaauts)
 A = Elapsed time spent in this place.
 B = Non-inter-level travel time spent in this place.
 C = Inter-level travel time spent in this place.
 D = Time resting spent in this place.
 E = Time spent auto-exploring this place.
 F = Levels seen in this place.
 G = Mean time per level.
                   A        B        C        D        E       F      G
               +--------+--------+--------+--------+--------+-----+--------+
         Total |  11042 |  10274 |    768 |   2343 |   6327 |  12 |  920.2 |
       Dungeon |  11024 |  10268 |    756 |   2343 |   6327 |  11 | 1002.2 |
        Temple |     17 |      5 |     12 |      0 |      0 |   1 |   17.0 |
               +--------+--------+--------+--------+--------+-----+--------+

Top non-repeatable levels by time:
     D:2: 1696 daAuts
     D:4: 1270 daAuts
     D:8: 1176 daAuts
     D:9: 1124 daAuts
     D:7: 1100 daAuts
     D:3: 1050 daAuts
    D:10: 930 daAuts
     D:5: 906 daAuts
     D:6: 894 daAuts
     D:1: 817 daAuts
    D:11: 56 daAuts
  Temple: 17 daAuts
